[Event "ICC tourney 2532 (25 5)"]
[Site "Internet Chess Club"]
[Date "2021.04.25"]
[Round "5"]
[White "HAUPTMAN, JACK:K12-15575055"]
[Black "K ENG, ANDREW:K12-14538963"]
[Result "1-0"]
[ICCResult "Black forfeits on time"]
[WhiteElo "1916"]
[BlackElo "1106"]
[Opening "QGD Slav: 3.Nf3"]
[ECO "D11"]
[NIC "SL.01"]
[Time "11:02:25"]
[PlyCount "141"]
[TimeControl "1500+5"]

1. d4 d5 2. c4 c6 3. Nf3 Nf6 4. Bg5 Bf5 5. e3 e6 6. Nc3 Bb4 7. a3 Bxc3+ 8.
bxc3 h6 9. Bxf6 Qxf6 10. Be2 Nd7 11. O-O O-O 12. Qb3 b6 13. Rac1 Qg6 14.
Nh4 Qg5 15. Nxf5 Qxf5 16. Rfd1 Nf6 17. Bd3 Qg5 18. cxd5 cxd5 19. c4 dxc4
20. Bxc4 Ne4 21. Bd3 Nd6 22. Rc6 Qe7 23. Rdc1 Rfc8 24. Ba6 Rxc6 25. Rxc6
Ne4 26. Bd3 Nf6 27. a4 Nd5 28. Qc2 Kf8 29. Bb5 f5 30. e4 fxe4 31. Qxe4 Kf7
32. Bc4 Rd8 33. Bd3 Nb4 34. Qg6+ Kf8 35. Rxe6 Qf7 36. Qxf7+ Kxf7 37. Re3
Rxd4 38. Bf1 Nd5 39. Ra3 Rd1 40. g3 Ke6 41. Kg2 Kd6 42. a5 Kc6 43. axb6
axb6 44. Ra7 g6 45. Rh7 h5 46. Rg7 Kc5 47. Rxg6 Kd4 48. Rd6 Kc5 49. Rh6 b5
50. Rxh5 b4 51. Be2 Rd2 52. Bf3 b3 53. Be4 b2 54. Kf3 Kc4 55. Rh8 Kc3 56.
Rc8+ Kb3 57. h4 Nc3 58. Bf5 Rd5 59. Bg6 Rd6 60. Bf5 Rd5 61. Bg6 Rd6 62. Bh7
Rd7 63. Rb8+ Ka3 64. Bg6 Rd6 65. h5 Rf6+ 66. Kg2 Nd1 67. f3 Ne3+ 68. Kf2
Ng4+ 69. Ke2 Ne5 70. Bc2 Nxf3 71. Rb3+ { Black forfeits on time } 1-0

[Event "ICC tourney 2532 (25 5)"]
[Site "Internet Chess Club"]
[Date "2021.04.25"]
[Round "5"]
[White "LADAN, NICHOLAS:K12-15092641"]
[Black "S BHARGAVA, YASH:K12-16100156"]
[Result "1-0"]
[ICCResult "Black checkmated"]
[WhiteElo "2083"]
[BlackElo "1772"]
[Opening "Neo-Grünfeld, 6.O-O, main line"]
[ECO "D79"]
[NIC "SL.01"]
[Time "11:01:19"]
[PlyCount "181"]
[TimeControl "1500+5"]

1. d4 d5 2. c4 c6 3. Nf3 Nf6 4. g3 g6 5. Bg2 Bg7 6. O-O O-O 7. cxd5 cxd5 8.
Ne5 e6 9. Nc3 a6 10. Bf4 Bd7 11. Qb3 b6 12. Rfd1 Nc6 13. Nxd7 Nxd7 14. e3
Rc8 15. Rac1 Qe7 16. g4 Na5 17. Qc2 b5 18. Qe2 Nb6 19. e4 dxe4 20. Nxe4
Rfd8 21. Be5 Nac4 22. Bxg7 Kxg7 23. b3 Nd6 24. Nc5 a5 25. d5 e5 26. f4 Re8
27. Re1 e4 28. Qf2 Nxd5 29. Qd4+ Qf6 30. Qxd5 Qxf4 31. Kh1 Qe5 32. Qxe5+
Rxe5 33. Nd7 Re7 34. Rxc8 Nxc8 35. Nc5 e3 36. Ne4 f5 37. gxf5 gxf5 38. Ng3
Kf6 39. Rf1 Nd6 40. Kg1 a4 41. Bh3 Re5 42. Kg2 axb3 43. axb3 Kg5 44. Kf3
Kf6 45. Re1 b4 46. Rxe3 Rxe3+ 47. Kxe3 Ke5 48. Ne2 Nb5 49. Kd3 Na3 50. Bg2
f4 51. Bc6 h5 52. Nd4 Kd6 53. Be8 Nb1 54. Bxh5 Nc3 55. Ne2 Nd5 56. Bf3 Nb6
57. Nxf4 Ke5 58. Ne2 Kf5 59. Be4+ Ke5 60. Nd4 Kd6 61. Nc2 Kc5 62. h4 Nd7
63. h5 Nf6 64. h6 Ng4 65. h7 Ne5+ 66. Ke2 Nf7 67. Bg6 Nh8 68. Bh5 Kd6 69.
Kf3 Ke6 70. Kg4 Kf6 71. Nxb4 Kg7 72. Nd3 Kxh7 73. Nc5 Kg7 74. Nd7 Nf7 75.
Bxf7 Kxf7 76. Kf5 Ke7 77. Nc5 Kd6 78. Nd3 Kd5 79. b4 Kc6 80. Ke6 Kc7 81.
Kd5 Kb6 82. Kc4 Kc6 83. b5+ Kb6 84. Nb4 Kb7 85. Kc5 Kc7 86. b6+ Kb8 87. Kc6
Kc8 88. b7+ Kb8 89. Na6+ Ka7 90. b8=Q+ Kxa6 91. Qb6# { Black checkmated }
1-0

[Event "ICC tourney 2532 (25 5)"]
[Site "Internet Chess Club"]
[Date "2021.04.25"]
[Round "5"]
[White "AWASTHI, ATHARVA:K12-15383400"]
[Black "KIM, GUNN:K12-16270570"]
[Result "1-0"]
[ICCResult "Black resigns"]
[WhiteElo "1080"]
[BlackElo "1640"]
[Opening "Sicilian: Taimanov variation"]
[ECO "B49"]
[NIC "SI.40"]
[Time "11:00:49"]
[PlyCount "167"]
[TimeControl "1500+5"]

1. e4 c5 2. Nf3 e6 3. d4 cxd4 4. Nxd4 Nc6 5. Nc3 Qc7 6. Be3 a6 7. Be2 Nf6
8. O-O b5 9. Nxc6 dxc6 10. f4 b4 11. Na4 Nxe4 12. Bf3 Nd6 13. Bb6 Qb7 14.
c4 bxc3 15. Qb3 Nb5 16. Qc4 Bd7 17. bxc3 Bd6 18. Rad1 O-O 19. Bc5 Na3 20.
Qd4 Nb5 21. Qc4 Na3 22. Qb3 Qxb3 23. axb3 Bxc5+ 24. Nxc5 Bc8 25. Bxc6 Ra7
26. Be4 Rc7 27. Na4 Bb7 28. Bd3 Nb5 29. c4 Na7 30. b4 Nc6 31. Rb1 Rd8 32.
Rfd1 g6 33. Nc5 Bc8 34. b5 axb5 35. cxb5 Nd4 36. Na6 Rb7 37. b6 Rd6 38.
Rdc1 Bd7 39. Rc7 Bc6 40. Nc5 Rb8 41. Ba6 Bd5 42. b7 Bxb7 43. Rcxb7 Rxb7 44.
Rxb7 Rc6 45. Rb4 Nc2 46. Rc4 Ne3 47. Rc1 Nf5 48. Bd3 Nd4 49. Rc4 Rd6 50.
Nb7 Rd7 51. Rc8+ Kg7 52. Nc5 Ra7 53. Kf2 Ra3 54. Rc7 h5 55. Ke3 Nf5+ 56.
Kf3 Kg8 57. g4 Nd4+ 58. Ke4 Nb3 59. Nxb3 Rxb3 60. gxh5 gxh5 61. Rc5 f5+ 62.
Kd4 Kf7 63. Rc6 Rb2 64. Ke5 Rxh2 65. Rxe6 Rh1 66. Kxf5 Ra1 67. Ra6 Rd1 68.
Ra7+ Kf8 69. Kf6 Re1 70. Ra8+ Re8 71. Rxe8+ Kxe8 72. Kg5 Kf7 73. Kxh5 Kf6
74. f5 Kg7 75. Kg5 Kf7 76. Bc4+ Ke8 77. Kf6 Kf8 78. Kg6 Ke8 79. f6 Kf8 80.
Bd5 Ke8 81. Kg7 Kd7 82. f7 Kd6 83. f8=Q+ Kxd5 84. Qe8 { Black resigns } 1-0

[Event "ICC tourney 2532 (25 5)"]
[Site "Internet Chess Club"]
[Date "2021.04.25"]
[Round "5"]
[White "ZHOU, LEONARDO:K12-30049875"]
[Black "JAIN, PRISHA:K12-15089392"]
[Result "1-0"]
[ICCResult "Black checkmated"]
[WhiteElo "847"]
[BlackElo "1520"]
[Opening "Sicilian defense"]
[ECO "B30"]
[NIC "SI.31"]
[Time "11:01:47"]
[PlyCount "177"]
[TimeControl "1500+5"]

1. e4 c5 2. Nf3 Nc6 3. c3 d6 4. d4 cxd4 5. cxd4 Nf6 6. Nc3 Bg4 7. Be3 Qa5
8. Bd3 d5 9. O-O e5 10. Bd2 Bb4 11. exd5 Nxd5 12. Nxd5 Qxd5 13. Bxb4 Bxf3
14. Qxf3 Qxf3 15. gxf3 Nxb4 16. Bb5+ Nc6 17. d5 a6 18. Ba4 b5 19. Bxb5 axb5
20. dxc6 O-O 21. a3 Rac8 22. Rac1 f6 23. Rc5 Rf7 24. Rfc1 Rfc7 25. Kf1 Rb8
26. b4 Kf8 27. Ke2 Ke7 28. Rd1 Rb6 29. Rdc1 Kd6 30. Rd1+ Ke6 31. Rdd5 Rbxc6
32. Rxc6+ Rxc6 33. Rxb5 Rc2+ 34. Kf1 Ra2 35. Ra5 Kd6 36. Ra7 g6 37. a4 Kc6
38. b5+ Kb6 39. Ra6+ Kb7 40. a5 f5 41. Kg2 e4 42. fxe4 fxe4 43. Kg3 g5 44.
Rb6+ Ka7 45. Rh6 Rxa5 46. Ra6+ Rxa6 47. bxa6 Kxa6 48. Kg4 h6 49. Kf5 Kb5
50. Kxe4 Kc5 51. Ke5 Kc6 52. Ke6 g4 53. Kf5 Kd5 54. Kxg4 Ke4 55. f3+ Ke5
56. f4+ Kf6 57. h4 Kg6 58. Kf3 Kf5 59. h5 Kf6 60. Kg4 Ke6 61. Kg3 Kf6 62.
Kf3 Kf5 63. Ke3 Kf6 64. Ke4 Ke6 65. f5+ Kf7 66. Ke5 Ke7 67. f6+ Kf8 68. Ke4
Ke8 69. Kd5 Kf7 70. Ke5 Kf8 71. Kf4 Ke8 72. Ke4 Kf8 73. Ke5 Kf7 74. Kf5 Kf8
75. Kg6 Kg8 76. Kxh6 Kf7 77. Kg5 Ke6 78. Kg6 Kd5 79. Kg7 Kd4 80. f7 Ke4 81.
f8=Q Kd4 82. Qe7 Kd5 83. h6 Kd4 84. h7 Kd5 85. h8=Q Kd4 86. Qhd8+ Kc4 87.
Qec7+ Kb4 88. Qdb8+ Ka4 89. Qca7# { Black checkmated } 1-0

[Event "ICC tourney 2532 (25 5)"]
[Site "Internet Chess Club"]
[Date "2021.04.25"]
[Round "5"]
[White "LAI, CASSIUS:K12-15855411"]
[Black "ALBION ZHANG, NATHANIEL:K12-14885012"]
[Result "0-1"]
[ICCResult "White checkmated"]
[WhiteElo "1363"]
[BlackElo "2150"]
[Opening "QGD Slav defense"]
[ECO "D13"]
[NIC "SL.01"]
[Time "11:02:45"]
[PlyCount "162"]
[TimeControl "1500+5"]

1. d4 d5 2. c4 c6 3. Nc3 Nf6 4. cxd5 cxd5 5. Nf3 Nc6 6. Bf4 a6 7. h3 Bf5 8.
Qb3 Ra7 9. e3 e6 10. a3 Bd6 11. Bxd6 Qxd6 12. Be2 O-O 13. O-O h6 14. Rfd1
Rc8 15. Bd3 Bxd3 16. Rxd3 Na5 17. Qa2 b5 18. b4 Nc4 19. Nd2 Nxd2 20. Qxd2
Rac7 21. Ne2 Rc2 22. Qd1 Qc6 23. Rd2 Rc4 24. Rb2 Ne4 25. Rbb1 Nc3 26. Nxc3
Rxc3 27. Rb3 Rc2 28. Rd3 Qc4 29. Rd2 Rc3 30. Qf1 Qb3 31. Qd1 Qc4 32. Qf1
Qc7 33. Rd3 Rc2 34. Qd1 Qe7 35. Rd2 R2c3 36. Rd3 R3c4 37. Rb3 Rc2 38. Rbb1
Qf6 39. Qf3 Qg6 40. Qg4 Qd3 41. Qd1 Rd2 42. Qf1 Qxf1+ 43. Rxf1 Rcc2 44.
Rad1 Re2 45. Rde1 Rxe1 46. Rxe1 Ra2 47. Rb1 Rxa3 48. Kf1 Ra2 49. f3 Kf8 50.
g4 Ke7 51. Rb3 Kd6 52. e4 Rd2 53. Ra3 Rxd4 54. Rxa6+ Ke5 55. exd5 exd5 56.
Ra1 Rxb4 57. Re1+ Kf4 58. Kf2 Rb2+ 59. Kf1 Kxf3 60. Rd1 d4 61. Rd3+ Ke4 62.
Rd1 d3 63. Re1+ Kf3 64. Rd1 Ke3 65. Re1+ Kd4 66. Rd1 Kc3 67. Rc1+ Rc2 68.
Rd1 b4 69. Ke1 b3 70. Ra1 b2 71. Ra3+ Kb4 72. Rxd3 b1=Q+ 73. Rd1 Rc1 74.
Rxc1 Qxc1+ 75. Kf2 Qf4+ 76. Kg2 Kc3 77. Kg1 Kd2 78. Kg2 Ke2 79. Kg1 Qf2+
80. Kh1 Kf3 81. g5 Qg2# { White checkmated } 0-1

[Event "ICC tourney 2532 (25 5)"]
[Site "Internet Chess Club"]
[Date "2021.04.25"]
[Round "5"]
[White "ROOPE, JAYLEN:K12-16442587"]
[Black "METWALLY, ISMAEL:K12-14849072"]
[Result "0-1"]
[ICCResult "White checkmated"]
[WhiteElo "1514"]
[BlackElo "786"]
[Opening "Ruy Lopez: Berlin defense"]
[ECO "C65"]
[NIC "RL.07"]
[Time "11:01:09"]
[PlyCount "176"]
[TimeControl "1500+5"]

1. e4 e5 2. Nf3 Nc6 3. Bb5 Nf6 4. d3 Bc5 5. O-O d6 6. h3 O-O 7. Be3 Bxe3 8.
fxe3 Ne7 9. Nbd2 c6 10. Ba4 Be6 11. c4 Qb6 12. d4 exd4 13. exd4 Qxb2 14. d5
Qb6+ 15. Kh1 Bd7 16. Rb1 Qc7 17. Ng5 cxd5 18. cxd5 Bxa4 19. Qxa4 Ng6 20.
Rfc1 Qe7 21. Rb4 Ne5 22. Qb3 b6 23. Ngf3 Nxf3 24. Qxf3 Rac8 25. Rbc4 Rxc4
26. Rxc4 Qe5 27. Qc3 Qf4 28. e5 Qxe5 29. Qxe5 dxe5 30. d6 Rd8 31. Rc7 Ne8
32. Rxa7 Nxd6 33. Ra4 f6 34. Kg1 b5 35. Rb4 Rc8 36. Rb2 Nc4 37. Rc2 Nd6 38.
Rxc8+ Nxc8 39. Kf2 Kf7 40. Ke3 Ke6 41. g4 Nd6 42. Kd3 Kd5 43. Ke3 Nc4+ 44.
Nxc4 bxc4 45. Kd2 Kc5 46. Kc3 e4 47. a4 e3 48. a5 e2 49. Kd2 Kb4 50. a6 c3+
51. Kxe2 Kb3 52. a7 c2 53. a8=Q c1=Q 54. Qb7+ Kc3 55. Qc7+ Kb2 56. Qb6+ Ka1
57. Qa5+ Kb1 58. Qb4+ Qb2+ 59. Qxb2+ Kxb2 60. Ke3 Kc3 61. Kf4 Kc4 62. Kf5
Kd5 63. h4 Kd6 64. h5 Ke7 65. Kf4 Ke6 66. Ke4 g5 67. hxg6 hxg6 68. Kf4 Kd5
69. Ke3 Ke5 70. Kf3 Kd4 71. Kf4 g5+ 72. Kf5 Ke3 73. Kxf6 Kf4 74. Ke6 Kxg4
75. Ke5 Kf3 76. Kd4 Kf2 77. Ke4 g4 78. Kf4 g3 79. Kg4 g2 80. Kf4 g1=Q 81.
Ke4 Qe1+ 82. Kd5 Qe8 83. Kd4 Qb5 84. Ke4 Qc5 85. Kf4 Qd5 86. Kg4 Qe5 87.
Kh4 Kf3 88. Kh3 Qg3# { White checkmated } 0-1

[Event "ICC tourney 2532 (25 5)"]
[Site "Internet Chess Club"]
[Date "2021.04.25"]
[Round "5"]
[White "ADEWUMI, TANITOLUWA:K12-16649696"]
[Black "K HARRIS, ALEX:K12-14223018"]
[Result "1-0"]
[ICCResult "Black checkmated"]
[WhiteElo "2108"]
[BlackElo "1805"]
[Opening "Sicilian: dragon, Yugoslav attack, 9.Bc4"]
[ECO "B77"]
[NIC "SI.18"]
[Time "11:07:29"]
[PlyCount "109"]
[TimeControl "1500+5"]

1. e4 c5 2. Nf3 d6 3. d4 cxd4 4. Nxd4 Nf6 5. Nc3 Nc6 6. Be3 g6 7. f3 Bg7 8.
Bc4 O-O 9. Qd2 Re8 10. h4 h5 11. O-O-O a6 12. Bh6 b5 13. Nxc6 Qc7 14. Bxg7
Kxg7 15. Bd5 e6 16. Qd4 Bb7 17. Nb4 exd5 18. Nbxd5 Bxd5 19. Nxd5 Qd8 20. g3
Re6 21. Nf4 Re8 22. Nd5 Re6 23. Nf4 Re8 24. g4 hxg4 25. h5 g5 26. h6+ Kh7
27. Nh5 Nxh5 28. Rxh5 Rg8 29. fxg4 Rc8 30. Rf1 Rc7 31. Rf5 Qe7 32. Qd5 Qe6
33. Qd4 Rc4 34. Qf2 Rxe4 35. Rxf7+ Kh8 36. Rf8 Re1+ 37. Kd2 Re2+ 38. Qxe2
Qxe2+ 39. Kxe2 Rxf8 40. Rxg5 Kh7 41. Rd5 Rf6 42. g5 Re6+ 43. Kf3 Kg6 44.
Kf4 b4 45. Rf5 Re2 46. Rf6+ Kh7 47. Rxd6 Rxc2 48. Rxa6 Rxb2 49. Rb6 Rxa2
50. Rxb4 Rh2 51. Rb7+ Kg6 52. Rg7+ Kh5 53. h7 Rf2+ 54. Kg3 Ra2 55. h8=R# {
Black checkmated } 1-0

[Event "ICC tourney 2532 (25 5)"]
[Site "Internet Chess Club"]
[Date "2021.04.25"]
[Round "5"]
[White "LU, MAXIMILLIAN:K12-14732597"]
[Black "LJ CHEN, BENJAMIN:K12-14811886"]
[Result "1/2-1/2"]
[ICCResult "Game drawn because neither player has mating material"]
[WhiteElo "2430"]
[BlackElo "2192"]
[Opening "Queen's pawn, Mason variation"]
[ECO "D00"]
[NIC "QP.08"]
[Time "11:01:08"]
[PlyCount "230"]
[TimeControl "1500+5"]

1. d4 d5 2. Bf4 Nf6 3. e3 e6 4. Nf3 Bd6 5. Bg3 O-O 6. c4 dxc4 7. Bxc4 c5 8.
Nc3 cxd4 9. Nxd4 a6 10. Qf3 Qc7 11. Bxd6 Qxd6 12. O-O Ra7 13. Rfd1 Qe7 14.
e4 b5 15. Bb3 Rc7 16. Rac1 Bb7 17. a3 Rfc8 18. Qe3 Nc6 19. e5 Nd7 20. Nxc6
Rxc6 21. Rd4 Rc5 22. f4 Nf8 23. Rcd1 Ba8 24. Qd2 a5 25. Rd8 Rxd8 26. Qxd8
Qb7 27. Qd2 b4 28. Na4 Rc8 29. axb4 axb4 30. Qf2 Qe7 31. Nb6 Rd8 32. Rd6
Be4 33. Qd4 Rb8 34. Qxe4 Rxb6 35. Qd4 Rb8 36. h3 h6 37. Bc2 Qc7 38. Bd3
Qc1+ 39. Kh2 b3 40. f5 exf5 41. Bxf5 Ra8 42. e6 fxe6 43. Bxe6+ Nxe6 44.
Rxe6 Qc7+ 45. Qe5 Qxe5+ 46. Rxe5 Ra2 47. Re2 Kf7 48. Kg3 Kf6 49. Kf3 Ra4
50. Re3 Rb4 51. Rc3 h5 52. Rc6+ Kf5 53. Rc5+ Kg6 54. Ke3 h4 55. Kf3 Kf6 56.
Rc6+ Kg5 57. Rc5+ Kf6 58. Rc3 Kf5 59. Rc5+ Kg6 60. Rd5 Kf6 61. Ke3 Kg6 62.
Rd7 Kf6 63. Kf3 Kg6 64. Re7 Kf6 65. Re8 Kf5 66. Ke3 Kg5 67. Re7 Kf6 68. Rd7
Kg6 69. Kd3 Rf4 70. Ke3 Rb4 71. Rd6+ Kf5 72. Rd5+ Kg6 73. Rd7 Kf6 74. Kd2
Rf4 75. Ke2 Rb4 76. Rd3 Kg5 77. Rf3 Rf4 78. Rxb3 Rc4 79. Rc3 Rb4 80. b3 Kh5
81. Rc5+ g5 82. Rc3 g4 83. hxg4+ Rxg4 84. Kf2 Rb4 85. Kg1 Kg5 86. Kh2 Kh5
87. Kh3 Kg5 88. Rc5+ Kg6 89. Rc3 Kg5 90. Kh2 Kh5 91. Kg1 Kg5 92. Kf2 Kf5
93. Ke3 Kg5 94. Kd3 Rb8 95. Kc2 Kg4 96. Rd3 Rc8+ 97. Kb2 Re8 98. Rd2 Kg3
99. b4 Rf8 100. Kc3 Rf5 101. Kc4 Rf4+ 102. Kc5 Rf5+ 103. Kc4 Rf4+ 104. Kc3
Rf5 105. Kb2 Rf4 106. Ka3 Rf5 107. Ka4 Rf4 108. Ka5 Rf2 109. Rxf2 Kxf2 110.
b5 Kxg2 111. b6 h3 112. b7 h2 113. b8=Q h1=Q 114. Qb7+ Kg1 115. Qxh1+ Kxh1
{ Game drawn because neither player has mating material } 1/2-1/2

[Event "ICC tourney 2532 (25 5)"]
[Site "Internet Chess Club"]
[Date "2021.04.25"]
[Round "6"]
[White "BALAJI, SOORYA:K12-16773233"]
[Black "RAINEY, ERIK:K12-16504721"]
[Result "1-0"]
[ICCResult "Black resigns"]
[WhiteElo "463"]
[BlackElo "735"]
[Opening "Ponziani: Jaenisch counter-attack"]
[ECO "C44"]
[NIC "KP.05"]
[Time "13:00:37"]
[PlyCount "21"]
[TimeControl "1500+5"]

1. Nf3 Nc6 2. e4 e5 3. c3 Nf6 4. d4 exd4 5. Bd3 Bc5 6. b4 Bb6 7. cxd4 Nxd4
8. Bb2 c5 9. bxc5 Ba5+ 10. Nbd2 Qb6 11. cxb6 { Black resigns } 1-0

[Event "ICC tourney 2532 (25 5)"]
[Site "Internet Chess Club"]
[Date "2021.04.25"]
[Round "6"]
[White "SHINDER, MICHAEL:K12-16269718"]
[Black "KUMAR TIBREWAL, AYUSH:K12-14952527"]
[Result "0-1"]
[ICCResult "White resigns"]
[WhiteElo "1571"]
[BlackElo "1152"]
[Opening "Queen's gambit accepted"]
[ECO "D20"]
[NIC "QG.03"]
[Time "13:00:46"]
[PlyCount "52"]
[TimeControl "1500+5"]

1. d4 d5 2. c4 dxc4 3. Nc3 Nf6 4. e4 e5 5. Nf3 exd4 6. Qxd4 Qxd4 7. Nxd4
Bc5 8. Nf5 O-O 9. Bxc4 Bxf5 10. exf5 Re8+ 11. Be2 Nc6 12. O-O Rad8 13. Bg5
Re5 14. Bxf6 gxf6 15. Rad1 Rxd1 16. Rxd1 Rxf5 17. Ne4 Bb6 18. Bg4 Rf4 19.
Bf3 Ne5 20. Rd8+ Kg7 21. Ng3 Nxf3+ 22. gxf3 Rxf3 23. Rd2 Kg6 24. h4 Rxg3+
25. Kh2 Rf3 26. Kg2 Rf4 { White resigns } 0-1

[Event "ICC tourney 2532 (25 5)"]
[Site "Internet Chess Club"]
[Date "2021.04.25"]
[Round "6"]
[White "KINDY, DANIEL:K12-16972036"]
[Black "SINGH, ANISH:K12-16345003"]
[Result "0-1"]
[ICCResult "White resigns"]
[WhiteElo "707"]
[BlackElo "1449"]
[Opening "Scotch: Schmidt variation"]
[ECO "C45"]
[NIC "SO.04"]
[Time "13:00:31"]
[PlyCount "56"]
[TimeControl "1500+5"]

1. e4 e5 2. Nf3 Nc6 3. d4 exd4 4. Nxd4 Nf6 5. Bg5 Be7 6. Bd3 Nxd4 7. O-O d6
8. Bb5+ Nxb5 9. Nc3 Nxc3 10. bxc3 O-O 11. Re1 Bg4 12. f3 Bh5 13. e5 dxe5
14. Qxd8 Raxd8 15. Rxe5 Bd6 16. Ree1 Rfe8 17. Bxf6 gxf6 18. Red1 Re2 19.
Rac1 Bc5+ 20. Kf1 Rxd1+ 21. Rxd1 Rxc2 22. Rd5 Rxc3 23. Rxh5 Bd6 24. Rb5
Rc1+ 25. Ke2 Rc2+ 26. Ke1 Rxg2 27. Rxb7 Rxa2 28. Rb8+ Kg7 { White resigns }
0-1

[Event "ICC tourney 2532 (25 5)"]
[Site "Internet Chess Club"]
[Date "2021.04.25"]
[Round "6"]
[White "E KENNEDY, BENJAMIN:K12-14963224"]
[Black "SAUDEK, BEN:K12-17211458"]
[Result "0-1"]
[ICCResult "White resigns"]
[WhiteElo "1368"]
[BlackElo "711"]
[Opening "Queen's pawn game"]
[ECO "E10"]
[NIC "QI.01"]
[Time "13:01:35"]
[PlyCount "42"]
[TimeControl "1500+5"]

1. d4 Nf6 2. c4 e6 3. Nf3 d5 4. cxd5 exd5 5. Bg5 h6 6. Bh4 Bd6 7. Nc3 Be6
8. e4 g5 9. Nxg5 hxg5 10. Bxg5 dxe4 11. Nxe4 Be7 12. Nxf6+ Bxf6 13. Bxf6
Qxf6 14. Be2 Bd5 15. O-O Nc6 16. Bb5 O-O-O 17. a4 Rdg8 18. g3 Qh6 19. Re1
Qxh2+ 20. Kf1 Qg2+ 21. Ke2 Bf3+ { White resigns } 0-1

[Event "ICC tourney 2532 (25 5)"]
[Site "Internet Chess Club"]
[Date "2021.04.25"]
[Round "6"]
[White "M TERRIEN, THOMAS:K12-15697398"]
[Black "SHKLOVER, DIANA:K12-14672010"]
[Result "0-1"]
[ICCResult "White checkmated"]
[WhiteElo "767"]
[BlackElo "1527"]
[Opening "French: advance, Paulsen attack"]
[ECO "C00"]
[NIC "FR.01"]
[Time "13:01:05"]
[PlyCount "114"]
[TimeControl "1500+5"]

1. e4 e6 2. Nf3 d5 3. e5 c5 4. c3 Nc6 5. d4 Qb6 6. Nbd2 Bd7 7. Be2 cxd4 8.
cxd4 Nxd4 9. Nxd4 Qxd4 10. O-O Bc5 11. Nb3 Qxd1 12. Rxd1 Bb6 13. Bg5 h6 14.
Bd2 Ne7 15. Rac1 Nc6 16. Nc5 Bxc5 17. Rxc5 Nxe5 18. Bc3 f6 19. Bh5+ g6 20.
Bxe5 gxh5 21. Bxf6 Rf8 22. Bg7 Rf7 23. Bxh6 Bc6 24. Be3 Kd7 25. b3 Rg8 26.
g3 h4 27. Bf4 Rxf4 28. Rc2 hxg3 29. fxg3 Rf5 30. Kg2 d4+ 31. Kg1 e5 32. Rc5
Kd6 33. b4 Rgf8 34. g4 Rf2 35. a3 Rg2+ 36. Kh1 Rd2+ 37. Rxc6+ bxc6 38. Rxd2
c5 39. bxc5+ Kxc5 40. Kg2 e4 41. Re2 e3 42. h4 Kd5 43. h5 Ke4 44. h6 d3 45.
Re1 d2 46. Rb1 e2 47. Rb4+ Kd3 48. Rb3+ Kc2 49. Re3 e1=Q 50. Rxe1 dxe1=Q
51. h7 Qf1+ 52. Kg3 Rf3+ 53. Kh4 Qh3+ 54. Kg5 Qxh7 55. a4 Qe7+ 56. Kh5 Qg7
57. a5 Rh3# { White checkmated } 0-1

[Event "ICC tourney 2532 (25 5)"]
[Site "Internet Chess Club"]
[Date "2021.04.25"]
[Round "6"]
[White "M LANCMAN, KALEB:K12-15146036"]
[Black "WADE, WILL:K12-15902787"]
[Result "1-0"]
[ICCResult "Black resigns"]
[WhiteElo "1839"]
[BlackElo "1156"]
[Opening "Queen's pawn, Mason variation"]
[ECO "D00"]
[NIC "QP.08"]
[Time "13:01:32"]
[PlyCount "34"]
[TimeControl "1500+5"]

1. d4 d5 2. Bf4 Bf5 3. e3 e6 4. c4 Bb4+ 5. Nc3 Nf6 6. Bd3 Bxd3 7. Qxd3 Ne4
8. Ne2 c6 9. O-O Nxc3 10. bxc3 Bd6 11. Rab1 b6 12. cxd5 exd5 13. e4 O-O 14.
exd5 cxd5 15. Qf5 g6 16. Qxd5 Bxf4 17. Qxa8 Bxh2+ { Black resigns } 1-0

[Event "ICC tourney 2532 (25 5)"]
[Site "Internet Chess Club"]
[Date "2021.04.25"]
[Round "6"]
[White "MERO, DANIEL:K12-15247388"]
[Black "ZEREGA, LUCA:K12-16005458"]
[Result "1-0"]
[ICCResult "Black checkmated"]
[WhiteElo "1858"]
[BlackElo "1285"]
[Opening "Petrov: Nimzovich attack"]
[ECO "C42"]
[NIC "RG.03"]
[Time "13:00:41"]
[PlyCount "77"]
[TimeControl "1500+5"]

1. e4 e5 2. Nf3 Nf6 3. Nxe5 d6 4. Nf3 Nxe4 5. Nc3 Nxc3 6. dxc3 Be7 7. Bd3
Nc6 8. Be3 Bg4 9. h3 Bh5 10. Qd2 h6 11. g4 Bg6 12. Bxg6 fxg6 13. O-O-O O-O
14. Nd4 Nxd4 15. cxd4 b6 16. Qd3 Kh7 17. Rdg1 Bg5 18. h4 Bxh4 19. g5 h5 20.
Rxh4 Rf5 21. Rxh5+ gxh5 22. Qxf5+ Kg8 23. g6 Qe7 24. Qxh5 Qe8 25. Bg5 Qe6
26. Qh7+ Kf8 27. Qh8+ Qg8 28. Qxg8+ Kxg8 29. Kd2 Rf8 30. f4 Re8 31. Re1 Rc8
32. Re7 Kf8 33. Rf7+ Kg8 34. f5 Re8 35. Re7 Rc8 36. f6 gxf6 37. Bxf6 Kf8
38. Rh7 Re8 39. Rh8# { Black checkmated } 1-0

[Event "ICC tourney 2532 (25 5)"]
[Site "Internet Chess Club"]
[Date "2021.04.25"]
[Round "6"]
[White "SELVARAJ, SUREKHA:K12-15017163"]
[Black "ROGERS, CAM:K12-16639568"]
[Result "1-0"]
[ICCResult "Black checkmated"]
[WhiteElo "853"]
[BlackElo "463"]
[Opening "Giuoco Piano"]
[ECO "C50"]
[NIC "IG.02"]
[Time "13:00:28"]
[PlyCount "35"]
[TimeControl "1500+5"]

1. e4 e5 2. Nf3 Nc6 3. Bc4 Bc5 4. O-O Nf6 5. Nc3 O-O 6. d3 b6 7. Bg5 Bb7 8.
Qd2 d6 9. Nd5 Nd4 10. Bxf6 gxf6 11. Nh4 c6 12. c3 cxd5 13. exd5 Re8 14.
cxd4 Bxd4 15. Nf5 Bc5 16. Qh6 Bxf2+ 17. Rxf2 Qe7 18. Qg7# { Black
checkmated } 1-0

[Event "ICC tourney 2532 (25 5)"]
[Site "Internet Chess Club"]
[Date "2021.04.25"]
[Round "6"]
[White "C FOX, NOLAN:K12-30126081"]
[Black "XIONG, EDDIE:K12-15146811"]
[Result "0-1"]
[ICCResult "White checkmated"]
[WhiteElo "318"]
[BlackElo "985"]
[Opening "Old Benoni defense"]
[ECO "A43"]
[NIC "OI.09"]
[Time "13:02:02"]
[PlyCount "78"]
[TimeControl "1500+5"]

1. d4 c5 2. dxc5 Qa5+ 3. Bd2 Qxc5 4. Nc3 g6 5. Be3 Qc7 6. Nb5 Qa5+ 7. Qd2
Qxb5 8. Bf4 Qxb2 9. Rd1 d6 10. Qe3 e5 11. Bg3 f5 12. Qd2 Nc6 13. e3 Nf6 14.
Bh4 Ne4 15. Qe2 Nc3 16. Qd3 Nxd1 17. Qxd1 Qc3+ 18. Qd2 Qxd2+ 19. Kxd2 Be7
20. Bxe7 Nxe7 21. Bb5+ Nc6 22. Nf3 e4 23. Ne1 a6 24. Bxc6+ bxc6 25. c3 Rb8
26. Nc2 Rb2 27. Kc1 Rxa2 28. Kb1 Ra5 29. Nb4 c5 30. Na2 Be6 31. Rd1 Bxa2+
32. Ka1 Bb3+ 33. Kb2 Bxd1 34. Kb1 O-O 35. Kc1 Be2 36. Kd2 Bd3 37. Kd1 Ra2
38. Kc1 Rb8 39. Kd1 Rb1# { White checkmated } 0-1

[Event "ICC tourney 2532 (25 5)"]
[Site "Internet Chess Club"]
[Date "2021.04.25"]
[Round "6"]
[White "WOLF MILSTEIN, DAVID:K12-15780704"]
[Black "GALVEZ, ELIAN:K12-16711723"]
[Result "1-0"]
[ICCResult "Black checkmated"]
[WhiteElo "1253"]
[BlackElo "481"]
[Opening "Queen's Pawn"]
[ECO "B07"]
[NIC "QO.17"]
[Time "13:01:42"]
[PlyCount "57"]
[TimeControl "1500+5"]

1. d4 d6 2. e4 Nc6 3. Nc3 e5 4. d5 Nd4 5. Be3 Nf6 6. Bxd4 exd4 7. Qxd4 g6
8. Bb5+ Nd7 9. Qxh8 c6 10. dxc6 bxc6 11. Bxc6 Qb6 12. Bxa8 Qxb2 13. Rb1
Qxc2 14. Bd5 Ne5 15. Nge2 Ba6 16. O-O Bxe2 17. Nxe2 Qxe2 18. Rb8+ Ke7 19.
Qxf8+ Kf6 20. Qxd6+ Kg5 21. Qxe5+ Kh6 22. Qf4+ Kg7 23. Qxf7+ Kh6 24. Qf8+
Kh5 25. Qf3+ Qxf3 26. gxf3 g5 27. Bf7+ Kh4 28. Rh8 h5 29. Rxh5# { Black
checkmated } 1-0

[Event "ICC tourney 2532 (25 5)"]
[Site "Internet Chess Club"]
[Date "2021.04.25"]
[Round "6"]
[White "CAMPBELL EDELSTEIN, CONNOR:K12-15254082"]
[Black "CHEN, ANDREW:K12-16560451"]
[Result "1-0"]
[ICCResult "Black checkmated"]
[WhiteElo "547"]
[BlackElo "827"]
[Opening "Ponziani: Jaenisch counter-attack"]
[ECO "C44"]
[NIC "KP.05"]
[Time "13:01:39"]
[PlyCount "83"]
[TimeControl "1500+5"]

1. e4 e5 2. Nf3 Nc6 3. c3 Nf6 4. d4 d6 5. dxe5 dxe5 6. Qxd8+ Nxd8 7. Nbd2
Nc6 8. Bb5 Bd7 9. Bxc6 Bxc6 10. Nxe5 Nxe4 11. Nxe4 Bxe4 12. O-O O-O-O 13.
Nxf7 Bd6 14. Nxh8 Rxh8 15. Re1 Bc6 16. Bg5 h6 17. Be3 b6 18. b4 g5 19. a3
g4 20. c4 b5 21. c5 Be5 22. Rad1 h5 23. Bd4 Bxd4 24. Rxd4 Rg8 25. Kf1 h4
26. h3 Bd7 27. hxg4 Bxg4 28. f3 Bf5 29. Rxh4 Kb7 30. Rh5 Bg6 31. Rg5 Kc6
32. Re6+ Kd7 33. Rexg6 Re8 34. Rg7+ Kc8 35. c6 Kd8 36. Rd7+ Kc8 37. Rgg7
Rh8 38. Rxc7+ Kd8 39. Rgd7+ Ke8 40. Re7+ Kd8 41. Red7+ Ke8 42. Rc8# { Black
checkmated } 1-0